 Dungeon Crawl Stone Soup version 0.21.1-1-g345015f (webtiles) character file.

55 diana the Ducker (level 3, -2/28 HPs)
             Began as a Demonspawn Gladiator on May 31, 2018.
             Slain by Robin
             ... wielding a +0 whip
              (3 damage)
             ... on level 2 of the Dungeon.
             The game lasted 00:02:23 (1112 turns).

diana the Ducker (Demonspawn Gladiator)             Turns: 1112, Time: 00:02:23

Health: -2/28      AC:  6    Str: 15    XL:     3   Next: 67%
Magic:  3/3        EV: 13    Int:  9    God:
Gold:   66         SH:  0    Dex: 14    Spells: 2/2 levels left

rFire    . . .     SeeInvis .     - Unarmed
rCold    . . .     Gourm    .   (no shield)
rNeg     . . .     Faith    .   a - +0 leather armour
rPois    +         Spirit   .   b - +0 helmet
rElec    .         Reflect  .   (no cloak)
rCorr    .         Harm     .   (no gloves)
MR       .....                  (no boots)
Stlth    +.........             (no amulet)
HPRegen  0.09/turn              l - ring of poison resistance
MPRegen  0.08/turn              (no ring)

@: no status effects
A: slimy green scales 1, powered by pain 1
a: no special abilities


You were on level 2 of the Dungeon.
You were hungry.

You visited 1 branch of the dungeon, and saw 2 of its levels.

You collected 66 gold pieces.

Inventory:

Missiles
 c - 3 throwing nets (quivered)
Armour
 a - a +0 leather armour (worn)
 b - a +0 helmet (worn)
Jewellery
 l - a ring of poison resistance (left hand)
Scrolls
 e - 3 scrolls of teleportation {unknown}
 h - a scroll of identify {unknown}
 i - a scroll of remove curse {unknown}
 k - 2 scrolls of magic mapping {unknown}
Potions
 f - a potion of ambrosia {unknown}
 g - a potion of magic {unknown}
 j - a potion of agility {unknown}
 m - a potion of curing {unknown}
Comestibles
 d - 4 rations


   Skills:
 + Level 2.5 Fighting
 - Level 1.7 Throwing
 * Level 3.4 Dodging
 * Level 3.3 Unarmed Combat


You had 2 spell levels left.
You didn't know any spells.

Dungeon Overview and Level Annotations

Branches:
Dungeon (2/15)

Altars:

Annotations:
D:2 Robin


Innate Abilities, Weirdness & Mutations

You are partially covered in slimy green scales. (AC +2)
You sometimes gain a little power by taking damage.


Message History

The goblin barely misses you.
You hit Robin.
Robin is lightly wounded.
Robin hits you with a whip. The goblin barely misses you. x2
You hit Robin.
Robin is moderately wounded.
The goblin closely misses you. Robin throws the goblin at you!
The goblin closely misses you. The goblin misses you.
You completely miss Robin.
Robin is moderately wounded.
The goblin hits you with a club. Robin hits you but does no damage.
The goblin hits you.
* * * LOW HITPOINT WARNING * * *
The goblin barely misses you.
You closely miss Robin.
Robin is moderately wounded.
The goblin hits you with a club!
* * * LOW HITPOINT WARNING * * *
Robin hits you with a whip.
You die...

.......#######..#######
######.# #..########..
#.# ####........... #.#
#...........### .. #..
>...........# .. ..#
#.####.###..# g. .# #
#.# #..# # g.
###g###..## #.## ..
#..g@g))..# ...###..
#.#g.##†..######.....
##.##.......#..g...
#.##(......#....##
#.##...........##
.............#.#
#.##.......###%#
#.##.......# #..
#.......# #.#.


You could see Robin and 3 goblins.

Vanquished Creatures
  An adder (D:2)
  A dart slug (D:1)
  3 leopard geckos (D:1)
  3 bats
  A giant cockroach (D:1)
  9 goblins
  6 hobgoblins
  5 kobolds
  A quokka (D:2)
  A ball python (D:1)
  3 frilled lizards (D:1)
  5 rats (D:1)
39 creatures vanquished.

Notes
Turn   | Place    | Note
-------+----------+-------------------------------------------
     0 | D:1      | diana the Demonspawn Gladiator began the quest for the Orb.
     0 | D:1      | Reached XP level 1. HP: 16/16 MP: 1/1
   298 | D:1      | Gained mutation: You are partially covered in slimy green scales. (AC +2) [demonic ancestry]
   298 | D:1      | Reached XP level 2. HP: 22/22 MP: 2/2
   765 | D:1      | Gained mutation: You sometimes gain a little power by taking damage. [demonic ancestry]
   765 | D:1      | Reached XP level 3. HP: 23/28 MP: 3/3
  1084 | D:2      | Noticed Robin
  1112 | D:2      | HP: 1/28 [goblin/club[Robin] (7)]
  1112 | D:2      | Slain by Robin

Skill      XL: |  1  2 |
---------------+-------+-----
Dodging        | 3 |  3.4
Unarmed Combat | 3 |  3.3
Fighting       | |  2.5
Throwing       | |  1.7

Action                   || total
-------------------------++-------
Melee: Unarmed           ||   188
       Punch             ||     2
Armor: Leather armour    ||    62
Dodge: Dodged            ||   171
